 Dungeon Crawl Stone Soup version 0.26-a0-672-g1df16c3386 (webtiles) character file.

Game seed: 1307815765991526435

643 marklar909 the Skirmisher (level 7, 0/56 HPs)
             Began as a Formicid Abyssal Knight on Oct 20, 2020.
             Was a Priest of Lugonu.
             Succumbed to Edmund's poison
             ... on level 5 of the Dungeon.
             The game lasted 00:08:20 (6456 turns).

marklar909 the Skirmisher (Formicid Abyssal Knight) Turns: 6456, Time: 00:08:21

Health: 0/56       AC: 10    Str: 18    XL:     7   Next: 81%
Magic:  8/8        EV:  8    Int: 12    God:    Lugonu [***...]
Gold:   316        SH:  0    Dex: 10    Spells: 6/6 levels left

rFire    . . .     SeeInvis +   a - +2 mace
rCold    . . .     Faith    .   (no shield)
rNeg     . . .     Spirit   .   p - +1 chain mail
rPois    .         Reflect  .   (helmet unavailable)
rElec    .         Harm     .   (no cloak)
rCorr    .         Rampage  .   (no gloves)
MR       .....                  (no boots)
Stlth    ..........             (no amulet)
HPRegen  0.18/turn              c - ring of stealth
MPRegen  0.11/turn              (no ring)

@: lethally poisoned (0 -> -16)
A: permanent stasis, dig shafts and tunnels, four strong arms, antennae 3
a: Dig, Shaft Self, Depart the Abyss, Bend Space, Banish, Renounce Religion


You were on level 5 of the Dungeon.
You worshipped Lugonu.
Lugonu was most pleased with you.
You visited 1 branch of the dungeon, and saw 5 of its levels.
You visited the Abyss 1 time.

You collected 316 gold pieces.

Inventory:

Hand Weapons
 a - a +2 mace (weapon)
Missiles
 t - 4 curare-tipped darts (quivered)
Armour
 p - a +1 chain mail (worn)
Jewellery
 c - a ring of stealth (left hand)
Wands
 b - a wand of iceblast (4)
Scrolls
 f - a scroll of enchant armour
 h - a scroll of identify
 j - a scroll of amnesia
 o - 3 scrolls of remove curse
 s - a scroll of enchant weapon
Potions
 d - a potion of stabbing
 e - 2 potions of cancellation
 g - a potion of resistance
 i - 3 potions of flight
 k - a potion of ambrosia {unknown}
 m - a potion of haste {unknown}
 q - a potion of brilliance {unknown}
 r - a potion of heal wounds {unknown}


   Skills:
 + Level 5.5 Fighting
 + Level 5.4 Maces & Flails
 + Level 0.8 Throwing
 + Level 4.3 Armour
 + Level 1.8 Dodging
 + Level 1.2 Stealth
 + Level 2.3 Invocations


You had 6 spell levels left.
You didn't know any spells.
Your spell library contained the following spells:

 Spells                   Type           Power        Failure   Level
 Beastly Appendage        Tmut           #.....       99%         1
 Wereblood                Tmut           #.......     99%         2
 Spider Form              Tmut/Pois      #.........   100%        3
 Ice Form                 Ice/Tmut       #.......     100%        4
 Blade Hands              Tmut           #.........   100%        5


Dungeon Overview and Level Annotations

Branches:
Dungeon (5/15)
 Temple: D:4-7

Altars:
Elyvilon
Okawaru
Zin

Annotations:
D:4 Pikel
D:5 Edmund


Innate Abilities, Weirdness & Mutations

You cannot be hasted, slowed, berserked, paralysed or teleported.
You can dig through walls and to a lower floor.
Your four strong arms can wield two-handed weapons with a shield.
You have a pair of large antennae on your head. (SInv)


Message History

You feel sick.
You see here a hand axe.
* * * LOW HITPOINT WARNING * * *
You feel sick.
* * * LOW HITPOINT WARNING * * *
You feel sick.
You don't know any spells.
* * * LOW HITPOINT WARNING * * *
You feel sick. Edmund hits you but does no damage.
You are more poisoned.
You closely miss Edmund.
* * * LOW HITPOINT WARNING * * *
You feel sick.
You closely miss Edmund.
* * * LOW HITPOINT WARNING * * *
You feel sick. Edmund hits you but does no damage.
You are more poisoned.
Unknown command.
You barely miss Edmund.
You die...

.............# #...>.#
.............# ###.....#
.............#####.......#
..##..#####....<@..#.....#
..##..........######.....#
..#...........#### #.....#
..>..............# #.....#
..............##.#########
.............55@@.#
.............####.#
.............## ##
................#
.................
..................
..................
#########.......<.
#........


You could see Edmund and 2 lemures.

Vanquished Creatures
  Sigmund (D:4)
  An ice beast (D:4)
  2 lemures (D:4)
  Blork the orc (D:4)
  An orc wizard (D:4)
  Natasha (thrice) (D:2)
  An iguana (D:5)
  Ijyb (D:3)
  Robin (D:2)
  6 adders
  2 worms (D:3)
  5 dart slugs
  A leopard gecko (D:1)
  8 orcs
  6 giant cockroaches
  10 goblins
  13 hobgoblins
  2 jackals (D:2)
  2 quokkas (D:4)
  A ball python (D:2)
  3 bats (D:2)
  8 frilled lizards
  7 kobolds
  8 rats
94 creatures vanquished.

Notes
Turn   | Place    | Note
-------+----------+-------------------------------------------
     0 | Abyss:1  | marklar909 the Formicid Abyssal Knight began the quest for
                  | the Orb.
     0 | Abyss:1  | Reached XP level 1. HP: 18/18 MP: 2/2
    36 | Abyss:1  | Found a corrupted altar of Lugonu.
    45 | Abyss:1  | Found a corrupted altar of Lugonu.
    81 | Abyss:2  | Noticed an eidolon
   102 | D:1      | Escaped the Abyss
   422 | D:1      | Reached * piety under Lugonu
   424 | D:1      | Reached XP level 2. HP: 24/24 MP: 3/3
  1053 | D:2      | Reached XP level 3. HP: 26/30 MP: 4/4
  1700 | D:2      | Reached XP level 4. HP: 36/37 MP: 5/5
  1725 | D:2      | Reached skill level 1 in Dodging
  1948 | D:2      | Found a glowing silver altar of Zin.
  2119 | D:2      | Reached ** piety under Lugonu
  2131 | D:2      | Noticed Robin
  2472 | D:2      | Killed Robin
  2984 | D:2      | Noticed Natasha
  2989 | D:2      | Killed Natasha
  2989 | D:2      | Reached XP level 5. HP: 34/43 MP: 6/6
  3360 | D:2      | Noticed Natasha
  3367 | D:2      | Killed Natasha
  3611 | D:2      | Noticed Natasha
  3624 | D:2      | Killed Natasha
  3784 | D:3      | Reached skill level 1 in Stealth
  4311 | D:3      | Reached XP level 6. HP: 49/49 MP: 7/7
  4440 | D:3      | Noticed Ijyb
  4463 | D:3      | Killed Ijyb
  4821 | D:3      | Found a white marble altar of Elyvilon.
  4821 | D:3      | Found an iron altar of Okawaru.
  5124 | D:4      | Noticed an ice beast
  5136 | D:4      | Killed an ice beast
  5136 | D:4      | Reached XP level 7. HP: 42/55 MP: 8/8
  5274 | D:4      | Noticed Blork the orc
  5283 | D:4      | Killed Blork the orc
  5283 | D:4      | Reached skill level 5 in Fighting
  5560 | D:4      | Reached *** piety under Lugonu
  5560 | D:4      | Reached skill level 5 in Maces & Flails
  5563 | D:4      | Noticed Sigmund
  5587 | D:4      | Killed Sigmund
  6057 | D:5      | Entered Level 5 of the Dungeon
  6061 | D:5      | Noticed Pikel
  6332 | D:5      | HP: 2/56 [iguana (6)]
  6345 | D:5      | Noticed Edmund
  6369 | D:5      | HP: 2/56 [poisoned by Edmund]
  6377 | D:5      | HP: 2/56 [poisoned by Edmund]
  6455 | D:5      | HP: 2/56 [poisoned by Edmund]
  6456 | D:5      | Succumbed to Edmund's poison

Illustrated notes

Levels and vault maps discovered:
D:1:      dpeg_arrival_tiny_a, layout_basic, minmay_pentomino_v2
D:2:      layout_loops_corners, zin_treasury, uniq_robin, uniq_natasha
D:3:      layout_basic, gammafunk_temple_overflow_elements, uniq_ijyb
D:4:      layout_loops_ring, uniq_sigmund, uniq_blork_the_orc
D:5:      layout_rooms, minmay_misc_feat_enclosed, mrwooster_statue_mirror,
          nicolae_zen_rock_garden, led_sif_pool, uniq_edmund, uniq_pikel

Skill      XL: |  1  2  3  4  5  6  7 |
---------------+----------------------+-----
Fighting       | 4 5 |  5.5
Dodging        | 1 |  1.8
Maces & Flails | 3 4 5 |  5.4
Armour         | 3 4 |  4.3
Stealth        | 1 |  1.2
Throwing       | |  0.8
Invocations    | |  2.3

Action                   |  1- 3 |  4- 6 |  7- 9 || total
-------------------------+-------+-------+-------++-------
Melee: Mace              |    70 |   191 |   104 ||   365
Throw: Dart              |       |     3 |     6 ||     9
Invok: Depart the Abyss  |     1 |       |       ||     1
  Use: Scroll            |       |     8 |     6 ||    14
       Potion            |       |       |     2 ||     2
 Stab: Sleeping          |       |     1 |       ||     1
Armor: Leather armour    |    28 |    27 |       ||    55
       Chain mail        |       |    48 |    83 ||   131
Dodge: Dodged            |    46 |    83 |    54 ||   183

Table legend: (Time is in decaauts)
 A = Elapsed time spent in this place.
 B = Non-inter-level travel time spent in this place.
 C = Inter-level travel time spent in this place.
 D = Time resting spent in this place.
 E = Time spent auto-exploring this place.
 F = Levels seen in this place.
 G = Mean time per level.
                   A        B        C        D        E       F      G
               +--------+--------+--------+--------+--------+-----+--------+
         Total |   6534 |   5995 |    539 |    913 |   3956 |   7 |  933.4 |
       Dungeon |   6432 |   5893 |    539 |    913 |   3919 |   5 | 1286.4 |
         Abyss |    101 |    101 |      0 |      0 |     37 |   2 |   50.5 |
               +--------+--------+--------+--------+--------+-----+--------+

Top non-repeatable levels by time:
     D:2: 2449 daAuts
     D:4: 1443 daAuts
     D:1: 1239 daAuts
     D:3: 1143 daAuts
     D:5: 156 daAuts
 Abyss:1: 60 daAuts
 Abyss:2: 41 daAuts
